AoeStats
← Jeguinho Rural

Arabia

506945725Analyzed
1v1 RM · 18d ago on Sep 15, 2026· 41m 48s· 2 players
Game mode
Random Map
Map size
Tiny (2 player)
Population
200
Speed
Normal
Resources
Standard
Victory
Conquest
Starting age
Dark Age
Ending age
Imperial Age
RankedLock teamsTeams togetherTeam positionsShared explorationLock speedFull tech treeHidden civsTurbo modeCheats
Victory
Defeat
🇦🇷 Persians · Argentina
1040
+15
🇧🇷 Slavs · Brazil
1017
-15
Jeguinho Rural
2:19 Loom
11:45 Feudal Age
14:05 Horse Collar
15:07 Double-Bit Axe
20:56 Castle Age
19:04 Fletching
21:48 Man-at-Arms
21:54 Pikeman
23:29 Wheelbarrow
23:14 Bow Saw
27:26 Hand Cart
28:20 Squires
29:55 Gold Mining
31:38 Bodkin Arrow
31:54 Forging
31:34 Man-at-Arms
33:30 Long Swordsman
33:42 Elite Skirmisher
37:01 Iron Casting
36:26 Scale Mail Armor
39:07 Imperial Age
40:28 Padded Archer Armor
40:26 Two-Handed Swordsman
42:34 Conscription
ojoalcasla
6:04 Loom
8:54 Feudal Age
9:32 Double-Bit Axe
14:57 Horse Collar
16:11 Fletching
18:34 Gold Mining
21:26 Castle Age
20:52 Bloodlines
20:45 Padded Archer Armor
22:18 Parthian Tactics
23:39 Wheelbarrow
22:49 Town Watch
23:08 Bodkin Arrow
23:50 Husbandry
25:46 Ballistics
26:04 Leather Archer Armor
27:35 Forging
27:31 Scale Barding Armor
27:48 Bow Saw
28:58 Heavy Plow
30:54 Chain Barding Armor
31:10 Iron Casting
34:45 Imperial Age
33:41 Hand Cart
34:39 Thumb Ring
36:19 Chemistry
35:17 Heavy Cavalry Archer
38:57 Crop Rotation
39:30 Two-Man Saw
38:03 Light Cavalry
39:43 Plate Barding Armor
42:32 Blast Furnace
41:33 Hussar
Connection lost

Rejoining the realm…

Still unreachable

The connection could not be restored.

Session expired

The server has moved on; the page needs a fresh start.